AoeStats
← MatzeAoE

Black Forest

503584184Analyzed
2v2 RM · 1mo ago on Sep 1, 2026· 44m 25s· 4 players
Game mode
Random Map
Map size
Medium (4 player)
Population
200
Speed
Normal
Resources
Standard
Victory
Conquest
Starting age
Dark Age
Ending age
Imperial Age
RankedLock teamsTeams togetherTeam positionsShared explorationLock speedFull tech treeHidden civsTurbo modeCheats
Victory
Defeat
🇩🇪 Britons · Germany
1557
+11
🇩🇪 Inca · Germany
1386
+18
🇵🇱 Malay · Poland
1552
-20
🇲🇽 Tupi · Mexico
1314
-9
ageofbugs239
10:34 Feudal Age
10:03 Loom
10:55 Loom
14:51 Castle Age
13:43 Double-Bit Axe
22:33 Fletching
25:51 Horse Collar
26:22 Bow Saw
28:28 Heavy Plow
29:55 Gold Mining
34:08 Imperial Age
32:17 Bodkin Arrow
33:38 Bracer
34:09 Conscription
35:16 Chemistry
34:37 Ballistics
34:06 Town Watch
35:33 Wheelbarrow
35:45 Gold Shaft Mining
35:01 Stone Mining
36:13 Squires
35:59 Arson
37:15 Masonry
37:10 Siege Engineers
36:46 Treadmill Crane
37:00 Elite Karambit Warrior
39:28 Forging
44:11 Iron Casting
El Rey Del Norte X
0:31 Loom
14:56 Feudal Age
19:42 Castle Age
18:46 Double-Bit Axe
19:35 Fletching
22:35 Ballistics
25:42 Horse Collar
32:20 Bodkin Arrow
32:38 Town Watch
34:45 Caravan
40:56 Imperial Age
38:58 Champi Runner
42:12 Scale Mail Armor
42:13 Squires
41:52 Champi Warrior
42:10 Capped Ram
Red_Iffun
0:51 Loom
12:47 Feudal Age
13:36 Double-Bit Axe
13:33 Horse Collar
18:19 Castle Age
18:09 Gold Mining
19:14 Bow Saw
19:05 Heavy Plow
18:47 Champi Runner
23:04 Scale Mail Armor
22:42 Champi Warrior
24:22 Chain Mail Armor
26:27 Forging
28:38 Wheelbarrow
27:49 Town Watch
28:36 Arson
28:53 Squires
32:34 Iron Casting
36:45 Imperial Age
34:58 Ballistics
37:06 Elite Champi Warrior
38:22 Plate Mail Armor
39:48 Chemistry
38:13 Heavy Scorpion
39:15 Stone Mining
42:00 Blast Furnace
43:52 Fabric Shields
44:59 Conscription
MatzeAoE
2:27 Loom
11:49 Feudal Age
12:20 Arson
12:22 Man-at-Arms
12:46 Horse Collar
13:04 Double-Bit Axe
17:35 Wheelbarrow
22:53 Castle Age
23:46 Caravan
24:17 Bow Saw
24:11 Heavy Plow
30:44 Town Watch
34:48 Imperial Age
32:53 Fletching
33:51 Bodkin Arrow
34:17 Ballistics
34:00 Padded Archer Armor
35:18 Gold Mining
35:18 Stone Mining
36:31 Chemistry
34:53 Elite Longbowman
35:54 Conscription
35:42 Bracer
36:19 Leather Archer Armor
36:33 Hand Cart
37:38 Two-Man Saw
38:05 Ring Archer Armor
39:13 Warwolf
39:26 Masonry
39:40 Warwolf
39:56 Siege Engineers
40:47 Guilds
40:47 Town Patrol
43:26 Gold Shaft Mining
43:29 Coinage
Connection lost

Rejoining the realm…

Still unreachable

The connection could not be restored.

Session expired

The server has moved on; the page needs a fresh start.